Workbook
Name Clients: Clients!$A:$F
Name Commandes: Commandes!$A:$D
Name DetailsCommandes: 'Détails Commandes'!$A:$F
Name Fournisseurs: Fournisseurs!$A:$D
Name Produits: Produits!$A:$H
Name Segment_Catégorie: #N/A
Name TVAs: TVA!$A:$B

Sheet TVA
A1: Catégorie Produit | B1: TVA
A2: Vêtements | B2: 0.2
A3: décoration | B3: 0.2
A4: Cosmétique Bio | B4: 0.1
A5: Boisson | B5: 0.055
A6: Alimentaire | B6: 0.055
A7: Bijoux | B7: 0.2
A8: Charcuterie | B8: 0.021

Sheet Délais
A1: Statut | B1: Délai Max
A2: annulée
A3: en traitement | B3: 10
A4: en livraison | B4: 20
A5: livrée | B5: 30

Sheet Niveau fidélité
A1: Niveau | B1: Points
A2: Platinium | B2: 250
A3: Gold | B3: 150
A4: Silver | B4: 100
A5: Bronze | B5: 50

Sheet Fournisseurs
A1: Fournisseur | B1: Description | C1: Adresse | D1: Ville
A2: Le couchon | B2: Viandes et charcuteries | C2: ventes@lecouchon.com | D2: Rethel
A3: Champagne Mondom | B3: Champagne et dérivés | C3: ventes@mondom.fr | D3: Ay en Champagne
A4: Champagne Fred et fils | B4: Champagne et dérivés | C4: fred@frre.fr | D4: Ay en Champagne
A5: ADC | B5: Atelier bijouterie | C5: adc@frre.fr | D5: Epernay
A6: Friperie | B6: Mode reconditionné | C6: fripe@free.fr | D6: Reims
A7: Ferme La Casè | B7: Produits de la ferme et créations artisanales | C7: lacase@laposte.fr | D7: Muisson
A8: Come’n’go | B8: Mode et décoration | C8: cng@business.com | D8: Thillois
A9: Asinerie | B9: Lait d’âne et produits dérivés | C9: âne@anerie.com | D9: Prouilly
A10: La Ruche | B10: Producteur miel et produits dérivés | C10: ruche@ruche.com | D10: Cernay
A11: Miellerie | B11: Apiculteur | C11: germane@laposte.fr | D11: Avenay
A12: Ferme Verim | B12: Produits de la ferme | C12: verim@laposte.com | D12: Blanzy
... A30: Vino Degust | B30: Champagne et vins calmes | C30: patrice.dawant@neuf.fr | D30: Courmas

Sheet Produits
A1: Produit | B1: Fournisseur | C1: Catégorie | D1: Prix de vente | E1: Description | F1: Stock | G1: Prix coûtant | H1: Stock mis à jour
A2: ZR7792 | B2: Le couchon | C2: Alimentaire | D2: 29.35 | E2: Panier légumes | F2: 6 | G2: 17.6 | H2: =F2-SUMIF(nouvelles_commandes!$B:$B,Produits!A2,nouvelles_commandes!$C:$C) -> -4
A3: NQ3014 | B3: Champagne Mondom | C3: Boisson | D3: 5.71 | E3: Bière blonde IPA | F3: 1 | G3: 4.25 | H3: =F3-SUMIF(nouvelles_commandes!$B:$B,Produits!A3,nouvelles_commandes!$C:$C) -> -3
A4: DS8925 | B4: Champagne Fred et fils | C4: Boisson | D4: 5.19 | E4: Bière blanche | F4: 8 | G4: 4.57 | H4: =F4-SUMIF(nouvelles_commandes!$B:$B,Produits!A4,nouvelles_commandes!$C:$C) -> 8
A5: WG0845 | B5: ADC | C5: Bijoux | D5: 49.57 | E5: Pendentif | F5: 6 | G5: 34.02 | H5: =F5-SUMIF(nouvelles_commandes!$B:$B,Produits!A5,nouvelles_commandes!$C:$C) -> -3
A6: SC6672 | B6: Friperie | C6: Vêtements | D6: 32.7 | E6: Lot t-shirt enfant | F6: 4 | G6: 26.24 | H6: =F6-SUMIF(nouvelles_commandes!$B:$B,Produits!A6,nouvelles_commandes!$C:$C) -> 4
A7: EP5042 | B7: Ferme La Casè | C7: Boisson | D7: 3.84 | E7: Bière blonde | F7: 5 | G7: 3.16 | H7: =F7-SUMIF(nouvelles_commandes!$B:$B,Produits!A7,nouvelles_commandes!$C:$C) -> -8
A8: MC4221 | B8: Come’n’go | C8: Vêtements | D8: 59.22 | E8: Jupe courte | F8: 5 | G8: 43.17 | H8: =F8-SUMIF(nouvelles_commandes!$B:$B,Produits!A8,nouvelles_commandes!$C:$C) -> 0
A9: GA8954 | B9: Asinerie | C9: Charcuterie | D9: 3.84 | E9: Saucisson sanglier | F9: 0 | G9: 3.23 | H9: =F9-SUMIF(nouvelles_commandes!$B:$B,Produits!A9,nouvelles_commandes!$C:$C) -> 0
A10: DH6879 | B10: La Ruche | C10: Cosmétique Bio | D10: 20.86 | E10: Crème hydratant | F10: 9 | G10: 16.63 | H10: =F10-SUMIF(nouvelles_commandes!$B:$B,Produits!A10,nouvelles_commandes!$C:$C) -> 8
A11: XE1191 | B11: Ferme La Casè | C11: Bijoux | D11: 41.31 | E11: Bracelet | F11: 1 | G11: 22.96 | H11: =F11-SUMIF(nouvelles_commandes!$B:$B,Produits!A11,nouvelles_commandes!$C:$C) -> 1
A12: XQ5338 | B12: Miellerie | C12: Alimentaire | D12: 9.27 | E12: Soupe légumes | F12: 5 | G12: 8 | H12: =F12-SUMIF(nouvelles_commandes!$B:$B,Produits!A12,nouvelles_commandes!$C:$C) -> 1
A13: RC7842 | B13: Come’n’go | C13: Vêtements | D13: 42.14 | E13: Jupe longue | F13: 8 | G13: 37.71 | H13: =F13-SUMIF(nouvelles_commandes!$B:$B,Produits!A13,nouvelles_commandes!$C:$C) -> 7
... A100: VD0984 | B100: Vino Degust | C100: Boisson | D100: 59.5 | E100: Champagne millesime 2020 | F100: 0 | G100: 45 | H100: =F100-SUMIF(nouvelles_commandes!$B:$B,Produits!A100,nouvelles_commandes!$C:$C) -> -4

Sheet nouvelles_commandes
A1: Commande | B1: Produit | C1: Quantité | D1: Date | E1: Client
A2: AQG379063 | B2: CA1454 | C2: 4 | D2: 45934 | E2: CLI35553 | G2: =VLOOKUP(nouvelles_commandes!B2,Produits,8,FALSE)<0 -> TRUE
A3: AQG379063 | B3: WJ9322 | C3: 2 | D3: 45934 | E3: CLI35553
A4: AQG379063 | B4: LD2341 | C4: 3 | D4: 45939 | E4: CLI52794
A5: AQG379063 | B5: XE1989 | C5: 5 | D5: 45939 | E5: CLI52794
A6: AQG379063 | B6: WJ9322 | C6: 4 | D6: 45934 | E6: CLI62333
A7: AQO450293 | B7: CA3614 | C7: 1 | D7: 45934 | E7: CLI62333
A8: BGR417696 | B8: XE1989 | C8: 4 | D8: 45939 | E8: CLI47550
A9: BGR417696 | B9: ME1301 | C9: 2 | D9: 45939 | E9: CLI47550
A10: BGR417696 | B10: NK6855 | C10: 1 | D10: 45939 | E10: CLI47550
A11: BGR417696 | B11: DH6879 | C11: 1 | D11: 45939 | E11: CLI47550
A12: BMC554283 | B12: WU8699 | C12: 5 | D12: 45939 | E12: CLI47550
A13: BMC554283 | B13: QX6357 | C13: 1 | D13: 45938 | E13: CLI36279
A14: BMC554283 | B14: AE4567 | C14: 1 | D14: 45938 | E14: CLI36279
... A139: XDL124222 | B139: OW2239 | C139: 2 | D139: 45934 | E139: CLI90767

Sheet Clients
A1: Code | B1: Nom | C1: Adresse | D1: Ville | E1: Total achats | F1: Niveau | H1: Niveau avec Si (alternative)
A2: CLI47118 | B2: Alix Rolland-Pasquier | C2: 95, boulevard Poirier | D2: Vert-Saint-Denis | E2: =SUMIF(Commandes!$C:$C,$A2,Commandes!$F:$F) -> 249.89871 | F2: =_xlfn.XLOOKUP(E2/10,'Niveau fidélité'!$B:$B,'Niveau fidélité'!$A:$A,"-",-1) -> - | H2: =IF((E2/10)>='Niveau fidélité'!$B$2,'Niveau fidélité'!$A$2, IF((E2/10)>='Niveau fidélité'!$B$3,'Niveau fidélité'!$A$3, IF((E2/10)>='Niveau fidélité'!$B$4,'Niveau fidélité'!$A$4,IF((E2/10)>='Niveau fidélité'!$B$5,'Niveau fidélité'!$A$5,"-")))) -> -
A3: CLI47648 | B3: Matthieu Gilles Le Giraud | C3: 410, rue Philippine Collin | D3: Storckensohn | E3: =SUMIF(Commandes!$C:$C,$A3,Commandes!$F:$F) -> 520.19505 | F3: =_xlfn.XLOOKUP(E3/10,'Niveau fidélité'!$B:$B,'Niveau fidélité'!$A:$A,"-",-1) -> Bronze | H3: =IF((E3/10)>='Niveau fidélité'!$B$2,'Niveau fidélité'!$A$2, IF((E3/10)>='Niveau fidélité'!$B$3,'Niveau fidélité'!$A$3, IF((E3/10)>='Niveau fidélité'!$B$4,'Niveau fidélité'!$A$4,IF((E3/10)>='Niveau fidélité'!$B$5,'Niveau fidélité'!$A$5,"-")))) -> Bronze
A4: CLI80121 | B4: Isaac Moreno-Robert | C4: 67, boulevard de Voisin | D4: Vaucourtois | E4: =SUMIF(Commandes!$C:$C,$A4,Commandes!$F:$F) -> 413.0556 | F4: =_xlfn.XLOOKUP(E4/10,'Niveau fidélité'!$B:$B,'Niveau fidélité'!$A:$A,"-",-1) -> - | H4: =IF((E4/10)>='Niveau fidélité'!$B$2,'Niveau fidélité'!$A$2, IF((E4/10)>='Niveau fidélité'!$B$3,'Niveau fidélité'!$A$3, IF((E4/10)>='Niveau fidélité'!$B$4,'Niveau fidélité'!$A$4,IF((E4/10)>='Niveau fidélité'!$B$5,'Niveau fidélité'!$A$5,"-")))) -> -
A5: CLI46511 | B5: Anouk Barre | C5: 89, boulevard Michel | D5: Cuisles | E5: =SUMIF(Commandes!$C:$C,$A5,Commandes!$F:$F) -> 683.27395 | F5: =_xlfn.XLOOKUP(E5/10,'Niveau fidélité'!$B:$B,'Niveau fidélité'!$A:$A,"-",-1) -> Bronze | H5: =IF((E5/10)>='Niveau fidélité'!$B$2,'Niveau fidélité'!$A$2, IF((E5/10)>='Niveau fidélité'!$B$3,'Niveau fidélité'!$A$3, IF((E5/10)>='Niveau fidélité'!$B$4,'Niveau fidélité'!$A$4,IF((E5/10)>='Niveau fidélité'!$B$5,'Niveau fidélité'!$A$5,"-")))) -> Bronze
A6: CLI57651 | B6: Bernard Peron | C6: 501, rue de Paul | D6: Champfleury | E6: =SUMIF(Commandes!$C:$C,$A6,Commandes!$F:$F) -> 0 | F6: =_xlfn.XLOOKUP(E6/10,'Niveau fidélité'!$B:$B,'Niveau fidélité'!$A:$A,"-",-1) -> - | H6: =IF((E6/10)>='Niveau fidélité'!$B$2,'Niveau fidélité'!$A$2, IF((E6/10)>='Niveau fidélité'!$B$3,'Niveau fidélité'!$A$3, IF((E6/10)>='Niveau fidélité'!$B$4,'Niveau fidélité'!$A$4,IF((E6/10)>='Niveau fidélité'!$B$5,'Niveau fidélité'!$A$5,"-")))) -> -
A7: CLI18871 | B7: Isaac Carpentier | C7: 7, rue de Germain | D7: Plessis-Feu-Aussoux | E7: =SUMIF(Commandes!$C:$C,$A7,Commandes!$F:$F) -> 358.0863 | F7: =_xlfn.XLOOKUP(E7/10,'Niveau fidélité'!$B:$B,'Niveau fidélité'!$A:$A,"-",-1) -> - | H7: =IF((E7/10)>='Niveau fidélité'!$B$2,'Niveau fidélité'!$A$2, IF((E7/10)>='Niveau fidélité'!$B$3,'Niveau fidélité'!$A$3, IF((E7/10)>='Niveau fidélité'!$B$4,'Niveau fidélité'!$A$4,IF((E7/10)>='Niveau fidélité'!$B$5,'Niveau fidélité'!$A$5,"-")))) -> -
A8: CLI55712 | B8: Élodie-Nicole Blondel | C8: 70, boulevard de Morvan | D8: Flocourt | E8: =SUMIF(Commandes!$C:$C,$A8,Commandes!$F:$F) -> 1072.5752 | F8: =_xlfn.XLOOKUP(E8/10,'Niveau fidélité'!$B:$B,'Niveau fidélité'!$A:$A,"-",-1) -> Silver | H8: =IF((E8/10)>='Niveau fidélité'!$B$2,'Niveau fidélité'!$A$2, IF((E8/10)>='Niveau fidélité'!$B$3,'Niveau fidélité'!$A$3, IF((E8/10)>='Niveau fidélité'!$B$4,'Niveau fidélité'!$A$4,IF((E8/10)>='Niveau fidélité'!$B$5,'Niveau fidélité'!$A$5,"-")))) -> Silver
A9: CLI51407 | B9: Nathalie Carpentier | C9: 669, chemin Anouk Pruvost | D9: Ban-Saint-Martin | E9: =SUMIF(Commandes!$C:$C,$A9,Commandes!$F:$F) -> 372.6987 | F9: =_xlfn.XLOOKUP(E9/10,'Niveau fidélité'!$B:$B,'Niveau fidélité'!$A:$A,"-",-1) -> - | H9: =IF((E9/10)>='Niveau fidélité'!$B$2,'Niveau fidélité'!$A$2, IF((E9/10)>='Niveau fidélité'!$B$3,'Niveau fidélité'!$A$3, IF((E9/10)>='Niveau fidélité'!$B$4,'Niveau fidélité'!$A$4,IF((E9/10)>='Niveau fidélité'!$B$5,'Niveau fidélité'!$A$5,"-")))) -> -
A10: CLI71099 | B10: Jeannine Berger | C10: 127, rue Lacombe | D10: Lachambre | E10: =SUMIF(Commandes!$C:$C,$A10,Commandes!$F:$F) -> 846.59305 | F10: =_xlfn.XLOOKUP(E10/10,'Niveau fidélité'!$B:$B,'Niveau fidélité'!$A:$A,"-",-1) -> Bronze | H10: =IF((E10/10)>='Niveau fidélité'!$B$2,'Niveau fidélité'!$A$2, IF((E10/10)>='Niveau fidélité'!$B$3,'Niveau fidélité'!$A$3, IF((E10/10)>='Niveau fidélité'!$B$4,'Niveau fidélité'!$A$4,IF((E10/10)>='Niveau fidélité'!$B$5,'Niveau fidélité'!$A$5,"-")))) -> Bronze
A11: CLI75442 | B11: Thibault-Grégoire Paul | C11: 11, avenue de Dupré | D11: Tournan-en-Brie | E11: =SUMIF(Commandes!$C:$C,$A11,Commandes!$F:$F) -> 647.63371 | F11: =_xlfn.XLOOKUP(E11/10,'Niveau fidélité'!$B:$B,'Niveau fidélité'!$A:$A,"-",-1) -> Bronze | H11: =IF((E11/10)>='Niveau fidélité'!$B$2,'Niveau fidélité'!$A$2, IF((E11/10)>='Niveau fidélité'!$B$3,'Niveau fidélité'!$A$3, IF((E11/10)>='Niveau fidélité'!$B$4,'Niveau fidélité'!$A$4,IF((E11/10)>='Niveau fidélité'!$B$5,'Niveau fidélité'!$A$5,"-")))) -> Bronze
A12: CLI61442 | B12: Maggie Mace | C12: 43, rue Mendès | D12: Blénod-lès-Pont-à-Mousson | E12: =SUMIF(Commandes!$C:$C,$A12,Commandes!$F:$F) -> 0 | F12: =_xlfn.XLOOKUP(E12/10,'Niveau fidélité'!$B:$B,'Niveau fidélité'!$A:$A,"-",-1) -> - | H12: =IF((E12/10)>='Niveau fidélité'!$B$2,'Niveau fidélité'!$A$2, IF((E12/10)>='Niveau fidélité'!$B$3,'Niveau fidélité'!$A$3, IF((E12/10)>='Niveau fidélité'!$B$4,'Niveau fidélité'!$A$4,IF((E12/10)>='Niveau fidélité'!$B$5,'Niveau fidélité'!$A$5,"-")))) -> -
A13: CLI13099 | B13: Édith de la Maréchal | C13: 79, avenue de Guilbert | D13: Mont-sur-Meurthe | E13: =SUMIF(Commandes!$C:$C,$A13,Commandes!$F:$F) -> 428.0279 | F13: =_xlfn.XLOOKUP(E13/10,'Niveau fidélité'!$B:$B,'Niveau fidélité'!$A:$A,"-",-1) -> - | H13: =IF((E13/10)>='Niveau fidélité'!$B$2,'Niveau fidélité'!$A$2, IF((E13/10)>='Niveau fidélité'!$B$3,'Niveau fidélité'!$A$3, IF((E13/10)>='Niveau fidélité'!$B$4,'Niveau fidélité'!$A$4,IF((E13/10)>='Niveau fidélité'!$B$5,'Niveau fidélité'!$A$5,"-")))) -> -
... A201: CLI38925 | B201: Virginie Langlois | C201: 7, rue Benjamin Guibert | D201: Courgent | E201: =SUMIF(Commandes!$C:$C,$A201,Commandes!$F:$F) -> 0 | F201: =_xlfn.XLOOKUP(E201/10,'Niveau fidélité'!$B:$B,'Niveau fidélité'!$A:$A,"-",-1) -> - | H201: =IF((E201/10)>='Niveau fidélité'!$B$2,'Niveau fidélité'!$A$2, IF((E201/10)>='Niveau fidélité'!$B$3,'Niveau fidélité'!$A$3, IF((E201/10)>='Niveau fidélité'!$B$4,'Niveau fidélité'!$A$4,IF((E201/10)>='Niveau fidélité'!$B$5,'Niveau fidélité'!$A$5,"-")))) -> -

Sheet Commandes
A1: Code | B1: Date | C1: Client | D1: Statut | E1: montant total HT | F1: montant total TTC | G1: coût total | H1: Bénéfice | I1: Etat traitement
A2: ELF046183 | B2: 45932 | C2: CLI47118 | D2: annulée | E2: =SUMIF('Détails Commandes'!$A:$A,Commandes!$A2,'Détails Commandes'!E:E) -> 10.8 | F2: =SUMIF('Détails Commandes'!$A:$A,Commandes!$A2,'Détails Commandes'!F:F) -> 11.394 | G2: =SUMIF('Détails Commandes'!$A:$A,Commandes!$A2,'Détails Commandes'!G:G) -> 7.6 | H2: =E2-G2 -> 3.2 | I2: {=_xlfn.IFS(D2="annulée","Annulée",NETWORKDAYS(B2,TODAY())>VLOOKUP($D2,Délais!$A:$B,2,FALSE),"Retard",TRUE,"OK")} -> Annulée
A3: LZC873737 | B3: 45915 | C3: CLI67216 | D3: en traitement | E3: =SUMIF('Détails Commandes'!$A:$A,Commandes!$A3,'Détails Commandes'!E:E) -> 195.73 | F3: =SUMIF('Détails Commandes'!$A:$A,Commandes!$A3,'Détails Commandes'!F:F) -> 230.0069 | G3: =SUMIF('Détails Commandes'!$A:$A,Commandes!$A3,'Détails Commandes'!G:G) -> 153.41 | H3: =E3-G3 -> 42.32 | I3: {=_xlfn.IFS(D3="annulée","Annulée",NETWORKDAYS(B3,TODAY())>VLOOKUP($D3,Délais!$A:$B,2,FALSE),"Retard",TRUE,"OK")} -> Retard
A4: SQW627036 | B4: 45921 | C4: CLI11052 | D4: en livraison | E4: =SUMIF('Détails Commandes'!$A:$A,Commandes!$A4,'Détails Commandes'!E:E) -> 347.78 | F4: =SUMIF('Détails Commandes'!$A:$A,Commandes!$A4,'Détails Commandes'!F:F) -> 406.4494 | G4: =SUMIF('Détails Commandes'!$A:$A,Commandes!$A4,'Détails Commandes'!G:G) -> 237.84 | H4: =E4-G4 -> 109.94 | I4: {=_xlfn.IFS(D4="annulée","Annulée",NETWORKDAYS(B4,TODAY())>VLOOKUP($D4,Délais!$A:$B,2,FALSE),"Retard",TRUE,"OK")} -> Retard
A5: LEH490374 | B5: 45922 | C5: CLI09934 | D5: en livraison | E5: =SUMIF('Détails Commandes'!$A:$A,Commandes!$A5,'Détails Commandes'!E:E) -> 24.4 | F5: =SUMIF('Détails Commandes'!$A:$A,Commandes!$A5,'Détails Commandes'!F:F) -> 26.84 | G5: =SUMIF('Détails Commandes'!$A:$A,Commandes!$A5,'Détails Commandes'!G:G) -> 16.4 | H5: =E5-G5 -> 8 | I5: {=_xlfn.IFS(D5="annulée","Annulée",NETWORKDAYS(B5,TODAY())>VLOOKUP($D5,Délais!$A:$B,2,FALSE),"Retard",TRUE,"OK")} -> Retard
A6: RWX755353 | B6: 45920 | C6: CLI98425 | D6: en traitement | E6: =SUMIF('Détails Commandes'!$A:$A,Commandes!$A6,'Détails Commandes'!E:E) -> 23.96 | F6: =SUMIF('Détails Commandes'!$A:$A,Commandes!$A6,'Détails Commandes'!F:F) -> 25.2778 | G6: =SUMIF('Détails Commandes'!$A:$A,Commandes!$A6,'Détails Commandes'!G:G) -> 18.8 | H6: =E6-G6 -> 5.16 | I6: {=_xlfn.IFS(D6="annulée","Annulée",NETWORKDAYS(B6,TODAY())>VLOOKUP($D6,Délais!$A:$B,2,FALSE),"Retard",TRUE,"OK")} -> Retard
A7: SGZ014048 | B7: 45904 | C7: CLI47791 | D7: annulée | E7: =SUMIF('Détails Commandes'!$A:$A,Commandes!$A7,'Détails Commandes'!E:E) -> 568.14 | F7: =SUMIF('Détails Commandes'!$A:$A,Commandes!$A7,'Détails Commandes'!F:F) -> 669.46185 | G7: =SUMIF('Détails Commandes'!$A:$A,Commandes!$A7,'Détails Commandes'!G:G) -> 453.75 | H7: =E7-G7 -> 114.39 | I7: {=_xlfn.IFS(D7="annulée","Annulée",NETWORKDAYS(B7,TODAY())>VLOOKUP($D7,Délais!$A:$B,2,FALSE),"Retard",TRUE,"OK")} -> Annulée
A8: DAO010030 | B8: 45920 | C8: CLI49476 | D8: en traitement | E8: =SUMIF('Détails Commandes'!$A:$A,Commandes!$A8,'Détails Commandes'!E:E) -> 498.28 | F8: =SUMIF('Détails Commandes'!$A:$A,Commandes!$A8,'Détails Commandes'!F:F) -> 555.712 | G8: =SUMIF('Détails Commandes'!$A:$A,Commandes!$A8,'Détails Commandes'!G:G) -> 368.9 | H8: =E8-G8 -> 129.38 | I8: {=_xlfn.IFS(D8="annulée","Annulée",NETWORKDAYS(B8,TODAY())>VLOOKUP($D8,Délais!$A:$B,2,FALSE),"Retard",TRUE,"OK")} -> Retard
A9: ZME009971 | B9: 45925 | C9: CLI02681 | D9: annulée | E9: =SUMIF('Détails Commandes'!$A:$A,Commandes!$A9,'Détails Commandes'!E:E) -> 21.08 | F9: =SUMIF('Détails Commandes'!$A:$A,Commandes!$A9,'Détails Commandes'!F:F) -> 22.2394 | G9: =SUMIF('Détails Commandes'!$A:$A,Commandes!$A9,'Détails Commandes'!G:G) -> 12.16 | H9: =E9-G9 -> 8.92 | I9: {=_xlfn.IFS(D9="annulée","Annulée",NETWORKDAYS(B9,TODAY())>VLOOKUP($D9,Délais!$A:$B,2,FALSE),"Retard",TRUE,"OK")} -> Annulée
A10: IDG221852 | B10: 45918 | C10: CLI62689 | D10: en traitement | E10: =SUMIF('Détails Commandes'!$A:$A,Commandes!$A10,'Détails Commandes'!E:E) -> 20 | F10: =SUMIF('Détails Commandes'!$A:$A,Commandes!$A10,'Détails Commandes'!F:F) -> 21.1 | G10: =SUMIF('Détails Commandes'!$A:$A,Commandes!$A10,'Détails Commandes'!G:G) -> 17.2 | H10: =E10-G10 -> 2.8 | I10: {=_xlfn.IFS(D10="annulée","Annulée",NETWORKDAYS(B10,TODAY())>VLOOKUP($D10,Délais!$A:$B,2,FALSE),"Retard",TRUE,"OK")} -> Retard
A11: WWX108635 | B11: 45922 | C11: CLI35252 | D11: annulée | E11: =SUMIF('Détails Commandes'!$A:$A,Commandes!$A11,'Détails Commandes'!E:E) -> 272.23 | F11: =SUMIF('Détails Commandes'!$A:$A,Commandes!$A11,'Détails Commandes'!F:F) -> 316.42305 | G11: =SUMIF('Détails Commandes'!$A:$A,Commandes!$A11,'Détails Commandes'!G:G) -> 171.22 | H11: =E11-G11 -> 101.01 | I11: {=_xlfn.IFS(D11="annulée","Annulée",NETWORKDAYS(B11,TODAY())>VLOOKUP($D11,Délais!$A:$B,2,FALSE),"Retard",TRUE,"OK")} -> Annulée
A12: RUL064803 | B12: 45923 | C12: CLI97448 | D12: annulée | E12: =SUMIF('Détails Commandes'!$A:$A,Commandes!$A12,'Détails Commandes'!E:E) -> 148.71 | F12: =SUMIF('Détails Commandes'!$A:$A,Commandes!$A12,'Détails Commandes'!F:F) -> 178.452 | G12: =SUMIF('Détails Commandes'!$A:$A,Commandes!$A12,'Détails Commandes'!G:G) -> 102.06 | H12: =E12-G12 -> 46.65 | I12: {=_xlfn.IFS(D12="annulée","Annulée",NETWORKDAYS(B12,TODAY())>VLOOKUP($D12,Délais!$A:$B,2,FALSE),"Retard",TRUE,"OK")} -> Annulée
A13: LRH261624 | B13: 45932 | C13: CLI76709 | D13: en livraison | E13: =SUMIF('Détails Commandes'!$A:$A,Commandes!$A13,'Détails Commandes'!E:E) -> 232.72 | F13: =SUMIF('Détails Commandes'!$A:$A,Commandes!$A13,'Détails Commandes'!F:F) -> 243.4932 | G13: =SUMIF('Détails Commandes'!$A:$A,Commandes!$A13,'Détails Commandes'!G:G) -> 159.93 | H13: =E13-G13 -> 72.79 | I13: {=_xlfn.IFS(D13="annulée","Annulée",NETWORKDAYS(B13,TODAY())>VLOOKUP($D13,Délais!$A:$B,2,FALSE),"Retard",TRUE,"OK")} -> Retard
... A251: JSH371067 | B251: 45932 | C251: CLI17407 | D251: en traitement | E251: =SUMIF('Détails Commandes'!$A:$A,Commandes!$A251,'Détails Commandes'!E:E) -> 26.09 | F251: =SUMIF('Détails Commandes'!$A:$A,Commandes!$A251,'Détails Commandes'!F:F) -> 27.52495 | G251: =SUMIF('Détails Commandes'!$A:$A,Commandes!$A251,'Détails Commandes'!G:G) -> 17.27 | H251: =E251-G251 -> 8.82 | I251: {=_xlfn.IFS(D251="annulée","Annulée",NETWORKDAYS(B251,TODAY())>VLOOKUP($D251,Délais!$A:$B,2,FALSE),"Retard",TRUE,"OK")} -> Retard

Sheet Détails Commandes
A1: Commande | B1: Produit | C1: Quantité | D1: Prix Unit | E1: Prix HT | F1: Prix TTC | G1: Prix coûtant | H1: Fournisseur | I1: Catégorie | J1: Nom produit | K1: Statut
A2: ELF046183 | B2: AZ3515 | C2: 4 | D2: =VLOOKUP($B2,Produits,4,FALSE) -> 2.7 | E2: =D2*C2 -> 10.8 | F2: =E2*(1+VLOOKUP(VLOOKUP($B2,Produits,3,FALSE),TVAs,2,FALSE)) -> 11.394 | G2: =VLOOKUP($B2,Produits,7,FALSE)*C2 -> 7.6 | H2: =VLOOKUP($B2,Produits,2,FALSE) -> Secret nature | I2: =VLOOKUP($B2,Produits,3,FALSE) -> Alimentaire | J2: =VLOOKUP($B2,Produits,5,FALSE) -> pain de campagne | K2: =VLOOKUP($A2,Commandes,4,FALSE) -> annulée
A3: LZC873737 | B3: TB4412 | C3: 5 | D3: =VLOOKUP($B3,Produits,4,FALSE) -> 32.43 | E3: =D3*C3 -> 162.15 | F3: =E3*(1+VLOOKUP(VLOOKUP($B3,Produits,3,FALSE),TVAs,2,FALSE)) -> 194.58 | G3: =VLOOKUP($B3,Produits,7,FALSE)*C3 -> 129.9 | H3: =VLOOKUP($B3,Produits,2,FALSE) -> Come’n’go | I3: =VLOOKUP($B3,Produits,3,FALSE) -> décoration | J3: =VLOOKUP($B3,Produits,5,FALSE) -> Tapis salon | K3: =VLOOKUP($A3,Commandes,4,FALSE) -> en traitement
A4: LZC873737 | B4: GO2012 | C4: 2 | D4: =VLOOKUP($B4,Produits,4,FALSE) -> 8.84 | E4: =D4*C4 -> 17.68 | F4: =E4*(1+VLOOKUP(VLOOKUP($B4,Produits,3,FALSE),TVAs,2,FALSE)) -> 18.6524 | G4: =VLOOKUP($B4,Produits,7,FALSE)*C4 -> 10.76 | H4: =VLOOKUP($B4,Produits,2,FALSE) -> Miellerie | I4: =VLOOKUP($B4,Produits,3,FALSE) -> Alimentaire | J4: =VLOOKUP($B4,Produits,5,FALSE) -> Miel de montagne | K4: =VLOOKUP($A4,Commandes,4,FALSE) -> en traitement
A5: LZC873737 | B5: BL5641 | C5: 3 | D5: =VLOOKUP($B5,Produits,4,FALSE) -> 5.3 | E5: =D5*C5 -> 15.9 | F5: =E5*(1+VLOOKUP(VLOOKUP($B5,Produits,3,FALSE),TVAs,2,FALSE)) -> 16.7745 | G5: =VLOOKUP($B5,Produits,7,FALSE)*C5 -> 12.75 | H5: =VLOOKUP($B5,Produits,2,FALSE) -> Beloy | I5: =VLOOKUP($B5,Produits,3,FALSE) -> Alimentaire | J5: =VLOOKUP($B5,Produits,5,FALSE) -> confiture pomme 250gr | K5: =VLOOKUP($A5,Commandes,4,FALSE) -> en traitement
A6: SQW627036 | B6: RA1118 | C6: 5 | D6: =VLOOKUP($B6,Produits,4,FALSE) -> 54.54 | E6: =D6*C6 -> 272.7 | F6: =E6*(1+VLOOKUP(VLOOKUP($B6,Produits,3,FALSE),TVAs,2,FALSE)) -> 327.24 | G6: =VLOOKUP($B6,Produits,7,FALSE)*C6 -> 188.2 | H6: =VLOOKUP($B6,Produits,2,FALSE) -> La Folie | I6: =VLOOKUP($B6,Produits,3,FALSE) -> Vêtements | J6: =VLOOKUP($B6,Produits,5,FALSE) -> Jupe courte | K6: =VLOOKUP($A6,Commandes,4,FALSE) -> en livraison
A7: SQW627036 | B7: ET5273 | C7: 2 | D7: =VLOOKUP($B7,Produits,4,FALSE) -> 37.54 | E7: =D7*C7 -> 75.08 | F7: =E7*(1+VLOOKUP(VLOOKUP($B7,Produits,3,FALSE),TVAs,2,FALSE)) -> 79.2094 | G7: =VLOOKUP($B7,Produits,7,FALSE)*C7 -> 49.64 | H7: =VLOOKUP($B7,Produits,2,FALSE) -> Champagne Fred et fils | I7: =VLOOKUP($B7,Produits,3,FALSE) -> Boisson | J7: =VLOOKUP($B7,Produits,5,FALSE) -> Liqueur | K7: =VLOOKUP($A7,Commandes,4,FALSE) -> en livraison
A8: LEH490374 | B8: CD6525 | C8: 4 | D8: =VLOOKUP($B8,Produits,4,FALSE) -> 6.1 | E8: =D8*C8 -> 24.4 | F8: =E8*(1+VLOOKUP(VLOOKUP($B8,Produits,3,FALSE),TVAs,2,FALSE)) -> 26.84 | G8: =VLOOKUP($B8,Produits,7,FALSE)*C8 -> 16.4 | H8: =VLOOKUP($B8,Produits,2,FALSE) -> Mains sages | I8: =VLOOKUP($B8,Produits,3,FALSE) -> Cosmétique Bio | J8: =VLOOKUP($B8,Produits,5,FALSE) -> savons au lait d'anesse | K8: =VLOOKUP($A8,Commandes,4,FALSE) -> en livraison
A9: RWX755353 | B9: ZO9006 | C9: 4 | D9: =VLOOKUP($B9,Produits,4,FALSE) -> 5.99 | E9: =D9*C9 -> 23.96 | F9: =E9*(1+VLOOKUP(VLOOKUP($B9,Produits,3,FALSE),TVAs,2,FALSE)) -> 25.2778 | G9: =VLOOKUP($B9,Produits,7,FALSE)*C9 -> 18.8 | H9: =VLOOKUP($B9,Produits,2,FALSE) -> Le Jardin | I9: =VLOOKUP($B9,Produits,3,FALSE) -> Alimentaire | J9: =VLOOKUP($B9,Produits,5,FALSE) -> Miel de colza | K9: =VLOOKUP($A9,Commandes,4,FALSE) -> en traitement
A10: SGZ014048 | B10: RM1974 | C10: 4 | D10: =VLOOKUP($B10,Produits,4,FALSE) -> 112.39 | E10: =D10*C10 -> 449.56 | F10: =E10*(1+VLOOKUP(VLOOKUP($B10,Produits,3,FALSE),TVAs,2,FALSE)) -> 539.472 | G10: =VLOOKUP($B10,Produits,7,FALSE)*C10 -> 374.84 | H10: =VLOOKUP($B10,Produits,2,FALSE) -> Come’n’go | I10: =VLOOKUP($B10,Produits,3,FALSE) -> Vêtements | J10: =VLOOKUP($B10,Produits,5,FALSE) -> Manteau | K10: =VLOOKUP($A10,Commandes,4,FALSE) -> annulée
A11: SGZ014048 | B11: GO2012 | C11: 3 | D11: =VLOOKUP($B11,Produits,4,FALSE) -> 8.84 | E11: =D11*C11 -> 26.52 | F11: =E11*(1+VLOOKUP(VLOOKUP($B11,Produits,3,FALSE),TVAs,2,FALSE)) -> 27.9786 | G11: =VLOOKUP($B11,Produits,7,FALSE)*C11 -> 16.14 | H11: =VLOOKUP($B11,Produits,2,FALSE) -> Miellerie | I11: =VLOOKUP($B11,Produits,3,FALSE) -> Alimentaire | J11: =VLOOKUP($B11,Produits,5,FALSE) -> Miel de montagne | K11: =VLOOKUP($A11,Commandes,4,FALSE) -> annulée
A12: SGZ014048 | B12: UA6280 | C12: 1 | D12: =VLOOKUP($B12,Produits,4,FALSE) -> 33.71 | E12: =D12*C12 -> 33.71 | F12: =E12*(1+VLOOKUP(VLOOKUP($B12,Produits,3,FALSE),TVAs,2,FALSE)) -> 40.452 | G12: =VLOOKUP($B12,Produits,7,FALSE)*C12 -> 22.16 | H12: =VLOOKUP($B12,Produits,2,FALSE) -> La Folie | I12: =VLOOKUP($B12,Produits,3,FALSE) -> Vêtements | J12: =VLOOKUP($B12,Produits,5,FALSE) -> Lot t-shirt enfant | K12: =VLOOKUP($A12,Commandes,4,FALSE) -> annulée
A13: SGZ014048 | B13: HN7321 | C13: 1 | D13: =VLOOKUP($B13,Produits,4,FALSE) -> 4.63 | E13: =D13*C13 -> 4.63 | F13: =E13*(1+VLOOKUP(VLOOKUP($B13,Produits,3,FALSE),TVAs,2,FALSE)) -> 4.88465 | G13: =VLOOKUP($B13,Produits,7,FALSE)*C13 -> 3.61 | H13: =VLOOKUP($B13,Produits,2,FALSE) -> Champagne Mondom | I13: =VLOOKUP($B13,Produits,3,FALSE) -> Boisson | J13: =VLOOKUP($B13,Produits,5,FALSE) -> Bière aromatisée | K13: =VLOOKUP($A13,Commandes,4,FALSE) -> annulée
... A764: JSH371067 | B764: VQ5987 | C764: 2 | D764: =VLOOKUP($B764,Produits,4,FALSE) -> 10.73 | E764: =D764*C764 -> 21.46 | F764: =E764*(1+VLOOKUP(VLOOKUP($B764,Produits,3,FALSE),TVAs,2,FALSE)) -> 22.6403 | G764: =VLOOKUP($B764,Produits,7,FALSE)*C764 -> 13.66 | H764: =VLOOKUP($B764,Produits,2,FALSE) -> Miellerie | I764: =VLOOKUP($B764,Produits,3,FALSE) -> Alimentaire | J764: =VLOOKUP($B764,Produits,5,FALSE) -> Soupe courges | K764: =VLOOKUP($A764,Commandes,4,FALSE) -> en traitement

Sheet TCD1
A3: Somme TTC | B3: Statut
A4: Catégories | B4: annulée | C4: en livraison | D4: en traitement | E4: livrée | F4: Total général
A5: Alimentaire | B5: 1917.0721 | C5: 1923.7186 | D5: 1811.8254 | E5: 1828.9691 | F5: 7481.5852
A6: Bijoux | B6: 1793.256 | C6: 2649.324 | D6: 1387.332 | E6: 1932.48 | F6: 7762.392
A7: Boisson | B7: 2150.9235 | C7: 2354.0109 | D7: 1800.8533 | E7: 2904.8475 | F7: 9210.6353
A8: Charcuterie | B8: 623.90247 | C8: 948.33543 | D8: 989.2469 | E8: 768.38418 | F8: 3329.869
A9: Cosmétique Bio | B9: 397.584 | C9: 641.146 | D9: 420.266 | E9: 204.314 | F9: 1663.31
A10: décoration | B10: 1336.584 | C10: 1454.676 | D10: 689.448 | E10: 607.068 | F10: 4087.776
A11: Vêtements | B11: 10674 | C11: 9363.684 | D11: 7969.812 | E11: 13110.732 | F11: 41118.228
A12: Total général | B12: 18893.322 | C12: 19334.895 | D12: 15068.784 | E12: 21356.795 | F12: 74653.796
A20: Nombre de Produit | B20: Statut
A21: Catégorie | B21: annulée | C21: en livraison | D21: en traitement | E21: livrée | F21: Total général
A22: <5 | B22: 6 | C22: 7 | D22: 6 | E22: 9 | F22: 28
A23: 5-55 | B23: 108 | C23: 121 | D23: 65 | E23: 80 | F23: 374
A24: 55-105 | B24: 34 | C24: 38 | D24: 17 | E24: 31 | F24: 120
A25: 105-155 | B25: 23 | C25: 27 | D25: 31 | E25: 28 | F25: 109
A26: 155-205 | B26: 11 | C26: 17 | D26: 9 | E26: 23 | F26: 60
A27: 205-255 | B27: 7 | C27: 8 | D27: 8 | E27: 10 | F27: 33
A28: 255-305 | B28: 3 | C28: 7 | D28: 6 | E28: 5 | F28: 21
A29: 305-355 | B29: 1 | C29: 1 | D29: 1 | E29: 2 | F29: 5
A30: 355-405 | B30: 1 | F30: 1
A31: 405-455 | B31: 5 | C31: 1 | E31: 1 | F31: 7
A32: >505 | B32: 1 | D32: 1 | E32: 3 | F32: 5
A33: Total général | B33: 200 | C33: 227 | D33: 144 | E33: 192 | F33: 763

Sheet TCD2
A3: Fournisseurs | B3: Somme de Prix coûtant | C3: Somme de Quantité
A4: A pas de canard | B4: 1080.35 | C4: 84
A5: ADC | B5: 884.52 | C5: 26
A6: Asinerie | B6: 181.76 | C6: 46
A7: Atelier SMK | B7: 501.9 | C7: 30
A8: Beloy | B8: 269.85 | C8: 51
A9: Bouquine | B9: 1026.08 | C9: 22
A10: Brasserie TDC | B10: 107 | C10: 25
A11: Champagne Fred et fils | B11: 1800.26 | C11: 121
A12: Champagne Mondom | B12: 883.82 | C12: 86
A13: Chèvres d'Argonnes | B13: 1006.1 | C13: 55
A14: Come’n’go | B14: 7967.01 | C14: 179
A15: Cuir & co | B15: 2414.79 | C15: 70
... A33: Total général | B33: 46431.13 | C33: 2301

Sheet TCD3
A3: % Prix HT | B3: Niveau
A4: Fournisseur | B4: annulée | C4: en livraison | D4: en traitement | E4: livrée | F4: Total général
A5: A pas de canard | B5: 0.0092036129 | C5: 0.026606542 | D5: 0.048851261 | E5: 0.025154801 | F5: 0.026319741
A6: ADC | B6: 0.0091056435 | C6: 0.02952444 | D6: 0.02639217 | E6: 0.016105267 | F6: 0.019908916
A7: Asinerie | B7: 0.0016458859 | C7: 0.0078263293 | D7: 0.0044130197 | E7: 0.0030264387 | F7: 0.0042046274
A8: Atelier SMK | B8: 0.020118629 | C8: 0.010674541 | D8: 0.011359609 | E8: 0.012939663 | F8: 0.013842414
A9: Beloy | B9: 0.0085361963 | C9: 0.0069168313 | D9: 0.0044807134 | E9: 0.0011068242 | F9: 0.0051731792
A10: Bouquine | B10: 0.0073415819 | C10: 0.035706883 | D10: 0.045598161 | E10: 0 | F10: 0.020373574
A11: Brasserie TDC | B11: 0.0018889725 | C11: 0.0029399362 | D11: 0.0037543373 | E11: 0.0013364199 | F11: 0.0023827612
A12: Champagne Fred et fils | B12: 0.079213159 | C12: 0.044595783 | D12: 0.042018002 | E12: 0.014696828 | F12: 0.04427626
A13: Champagne Mondom | B13: 0.0012001252 | C13: 0.023346762 | D13: 0.010619542 | E13: 0.03924515 | F13: 0.019710108
A14: Chèvres d'Argonnes | B14: 0.023604502 | C14: 0.025700617 | D14: 0.012473892 | E14: 0.011972546 | F14: 0.018569318
A15: Come’n’go | B15: 0.19661724 | C15: 0.095408553 | D15: 0.12091841 | E15: 0.18562157 | F15: 0.15185766
A16: Cuir & co | B16: 0.033340212 | C16: 0.056462737 | D16: 0.034542033 | E16: 0.084870785 | F16: 0.054281385
... A34: Total général | B34: 1 | C34: 1 | D34: 1 | E34: 1 | F34: 1

Sheet TCD4
A3: Nbr Cmds | B3: Etat
A4: Mois | B4: Annulée | C4: OK | D4: Retard | E4: Total général
A5: sept | B5: 61 | C5: 75 | D5: 90 | E5: 226
A6: oct | B6: 5 | C6: 19 | E6: 24
A7: Total général | B7: 66 | C7: 94 | D7: 90 | E7: 250
A14: Somme de Bénéfice | B14: Etat
A15: Statut | B15: Annulée | C15: OK | D15: Retard | E15: Total général
A16: annulée | B16: 4736.38 | E16: 4736.38
A17: en livraison | C17: 2033.02 | D17: 2708.89 | E17: 4741.91
A18: en traitement | C18: 311.42 | D18: 3301.32 | E18: 3612.74
A19: livrée | C19: 5043.67 | D19: 169.99 | E19: 5213.66
A20: Total général | B20: 4736.38 | C20: 7388.11 | D20: 6180.2 | E20: 18304.69
